 Dungeon Crawl Stone Soup version 0.28.0-53-g5a82cb258f (webtiles) character file.

Game seed: 9079217019406322305

171 Sin92 the Skirmisher (level 5, -4/42 HPs)
             Began as a Demonspawn Fighter on June 27, 2022.
             Slain by a gnoll
             ... wielding a +0 halberd
              (11 damage)
             ... on level 4 of the Dungeon.
             The game lasted 00:07:40 (2881 turns).

Sin92 the Skirmisher (Demonspawn Fighter)           Turns: 2881, Time: 00:07:41

Health: -4/42      AC:  6    Str: 18    XL:     5   Next: 26%
Magic:  5/5        EV: 15    Int: 10    God:
Gold:   111        SH:  4    Dex: 12    Spells: 4/4 levels left

rFire   . . .      SeeInvis .   a - +0 war axe (elec)
rCold   . . .      Faith    .   c - +0 buckler
rNeg    . . .      Spirit   .   b - +0 scale mail
rPois   .          Reflect  .   (helmet restricted)
rElec   .          Harm     .   (no cloak)
rCorr   .          Rampage  .   (no gloves)
Will    .....                   (no boots)
Stlth   ..........              (no amulet)
HPRegen 0.14/turn               e - +4 ring of evasion
MPRegen 0.09/turn               (no ring)

@: lethally poisoned (-4 -> -17)
A: horns 1, repulsion field 1, spiny 2
a: no special abilities


You were on level 4 of the Dungeon.
You visited 1 branch of the dungeon, and saw 4 of its levels.

You collected 111 gold pieces.

Inventory:

Hand Weapons
 a - a +0 war axe of electrocution (weapon)
 j - a +4 spear
Armour
 b - a +0 scale mail (worn)
 c - a +0 buckler (worn)
 i - a +0 helmet
Jewellery
 e - a +4 ring of evasion (left hand)
Scrolls
 h - 2 scrolls of identify
 l - a scroll of amnesia
Potions
 d - 2 potions of might
 f - 3 potions of heal wounds
 g - a potion of resistance
 k - a potion of brilliance {unknown}


   Skills:
 + Level 3.8 Fighting
 * Level 2.9(3.0) Axes
 - Level 0.4(1.8) Polearms
 + Level 3.4 Armour
 + Level 0.8 Dodging
 + Level 3.5 Shields


You had 4 spell levels left.
You didn't know any spells.
Your spell library was empty.

Dungeon Overview and Level Annotations

Branches:
Dungeon (4/15)
 Temple: D:4-7

Altars:
Kikubaaqudgha
Nemelex Xobeh

Shops:
D:1 [   D:3 *


Innate Abilities, Weirdness & Mutations

You have a pair of small horns on your head.
You are surrounded by a mild repulsion field. (EV +2)
You are mostly covered in sharp spines.


Message History

The gnoll barely misses you.
The gnoll shaman is struck by your spines.
The gnoll shaman misses you. You block the gnoll's attack.
You block the gnoll shaman's attack.
You hit the gnoll shaman.
You headbutt the gnoll shaman, but do no damage.
The gnoll shaman is lightly wounded.
You feel sick. The gnoll misses you.
The gnoll shaman calls upon its god to heal the gnoll.
The gnoll is healed somewhat.
You feel sick.
The gnoll shaman mumbles some strange prayers to its god against you.
You resist with some effort.
You feel sick. The gnoll closely misses you.
The gnoll shaman is struck by your spines.
The gnoll shaman misses you.
You hit the gnoll shaman.
Lightning courses through the gnoll shaman!!
You kill the gnoll shaman!
You feel sick. The gnoll barely misses you.
The gnoll hits you from afar with a +0 halberd!
* * * LOW HITPOINT WARNING * * *
The gnoll is struck by your spines. The gnoll completely misses you.
You have reached level 5!
Your demonic ancestry asserts itself...
Sharp spines emerge from more of your body.
You feel much better.
You feel sick.
You are no longer poisoned.
The gnoll hits you from afar with a +0 halberd.
You block the gnoll's attack.
You slash the gnoll!
The gnoll is almost dead.
The gnoll barely misses you. The gnoll is struck by your spines.
You kill the gnoll!
The gnoll is struck by your spines.
The gnoll hits you with a +2 whip of venom!
* * * LOW HITPOINT WARNING * * *
You are lethally poisoned!
The gnoll is struck by your spines. The gnoll hits you with a +0 halberd!
You die...

...# ...# ##+# >.. #...#
#.# .....# ##.# ......#
####..#
.......##.....##########
......g@................
......g##....†######..##
......# #.....####......
.....# #.....##...⌠.≈≈.
#...# ###.####.#...≈≈≈
##+# #.# # ##.≈≈≈≈ #.#
#..≈≈≈ #.# .[.≈≈. #.#
#...≈..


You could see 2 gnolls.

Vanquished Creatures
  A gnoll shaman (D:4)
  4 gnolls
  4 adders
  A worm (D:2)
  8 orcs (D:3)
  4 bats
  3 endoplasms
  8 giant cockroaches
  3 goblins
  2 hobgoblins
  6 quokkas
  A ball python (D:1)
  3 frilled lizards
  8 kobolds
  3 rats (D:1)
59 creatures vanquished.

Notes
Turn   | Place    | Note
-------+----------+-------------------------------------------
     0 | D:1      | Sin92 the Demonspawn Fighter began the quest for the Orb.
     0 | D:1      | Reached XP level 1. HP: 18/18 MP: 1/1
   336 | D:1      | Found a faded altar of an unknown god.
   370 | D:1      | Found Puoh's Armour Shop.
   432 | D:1      | Gained mutation: You are partially covered in sharp spines.
                  | [demonic ancestry]
   432 | D:1      | Reached XP level 2. HP: 20/24 MP: 2/2
  1139 | D:2      | Gained mutation: You are surrounded by a mild repulsion
                  | field. (EV +2) [demonic ancestry]
  1139 | D:2      | Reached XP level 3. HP: 29/29 MP: 3/3
  2115 | D:3      | Gained mutation: You have a pair of small horns on your
                  | head. [demonic ancestry]
  2115 | D:3      | Reached XP level 4. HP: 32/35 MP: 4/4
  2596 | D:3      | Found Jailia's Assorted Antiques.
  2650 | D:3      | Found a sparkling altar of Nemelex Xobeh.
  2848 | D:4      | Found an ancient bone altar of Kikubaaqudgha.
  2879 | D:4      | Gained mutation: You are mostly covered in sharp spines.
                  | [demonic ancestry]
  2879 | D:4      | Reached XP level 5. HP: 3/42 MP: 5/5
  2881 | D:4      | Slain by a gnoll

Illustrated notes

Levels and vault maps discovered:
D:1:      eino_arrival_cavern_d, layout_loops_ring, serial_shops,
          nicolae_shop_hallway_plus, hellmonk_ecumenical_altar_inner_sanctum
D:2:      layout_basic
D:3:      layout_basic, nemelex_spade_bored_becter, serial_shops, shop
D:4:      layout_loops_corners, kiku_gazebo_pond_becter, portal_sewer_entry_b,
          serial_park_tiny_1, nicolae_shop_unique_rings

Skill      XL: |  1  2 |
---------------+-------+-----
Axes           | 2 |  2.9
Armour         | 3 |  3.4
Shields        | 3 |  3.5
Fighting       | |  3.8
Polearms       | |  0.4
Dodging        | |  0.8

Action                   |  1- 3 |  4- 6 || total
-------------------------+-------+-------++-------
Melee: War axe           |    72 |    30 ||   102
       Headbutt          |       |     3 ||     3
  Use: Scroll            |     7 |     1 ||     8
       Potion            |       |     1 ||     1
Armor: Scale mail        |    37 |     5 ||    42
Dodge: Dodged            |    51 |    37 ||    88
Block: Buckler           |    20 |    14 ||    34
